 Dungeon Crawl Stone Soup version 0.19.1-1-g22dce08 (webtiles) character file.

219 godfroggy the Chiller (level 5, -1/38 HPs)
             Began as a Draconian Ice Elementalist on Jan 8, 2017.
             Slain by a black bear (8 damage)
             ... on level 3 of the Dungeon.
             The game lasted 00:20:37 (2864 turns).

godfroggy the Chiller (Draconian Ice Elementalist)  Turns: 2864, Time: 00:20:38

Health: -1/38      AC:  5    Str: 10    XL:     5   Next: 63%
Magic:  16/17      EV: 12    Int: 17    God:
Gold:   107        SH:  2    Dex: 11    Spells: 2 memorised, 3 levels left

rFire  . . .     SeeInvis .     k - +0 hunting sling
rCold  . . .     Gourm    .     (armour unavailable)
rNeg   . . .     Faith    .     (no shield)
rPois  .         Spirit   .     (helmet restricted)
rElec  .         Reflect  +     (no cloak)
rCorr  .         Harm     .     (no gloves)
MR     .....                    (no boots)
Stlth  ++........               t - +2 amulet of reflection
                                (no ring)
                                o - ring of magical power

@: very slightly contaminated, invisible
A: unfitting armour, cold-blooded, AC +5
a: no special abilities


You were on level 3 of the Dungeon.
You were hungry.

You visited 1 branch of the dungeon, and saw 3 of its levels.

You collected 107 gold pieces.

Inventory:

Hand Weapons
 k - a +0 hunting sling (weapon)
Missiles
 e - 6 tomahawks
 m - 12 sling bullets (quivered)
Jewellery
 o - a ring of magical power (left hand)
 t - a +2 amulet of reflection (around neck)
Scrolls
 g - 2 scrolls of remove curse
 n - a scroll of identify
Potions
 c - a potion of brilliance
 h - 4 potions of curing {unknown}
 i - a potion of haste {unknown}
 j - a potion of cancellation {unknown}
 l - a potion of berserk rage {unknown}
 u - a potion of degeneration {unknown}
Books
 a - a book of Frost

   Spells                             Type                      Level
   a - Freeze                         Ice                          1
   b - Throw Frost                    Conjuration/Ice              2
   c - Ozocubu's Armour               Charms/Ice                   3
   d - Throw Icicle                   Conjuration/Ice              4
   e - Summon Ice Beast               Ice/Summoning                4
Comestibles
 b - 4 bread rations
 d - 4 meat rations
 f - 4 fruits
 r - a slice of pizza


   Skills:
 + Level 2.1 Dodging
 - Level 1.7 Stealth
 - Level 2.0 Spellcasting
 * Level 2.0 Conjurations
 - Level 6.0 Ice Magic


You had 3 spell levels left.
You knew the following spells:

 Your Spells              Type           Power        Failure   Level  Hunger
a - Freeze                Ice            ###.         1%          1    #......
b - Throw Icicle          Conj/Ice       ###.....     38%         4    #####..


Dungeon Overview and Level Annotations

Branches:
Dungeon (3/15)

Altars:
Qazlal
The Shining One

Annotations:
D:3 ponk's ghost, amateur HOFi


Innate Abilities, Weirdness & Mutations

Your plain brown scales are hard. (AC +5)
You cannot fit into any form of body armour.
You are cold-blooded and may be slowed by cold attacks.


Message History

The black bear is almost dead.
The black bear goes berserk!
You are feeling hungry.
The black bear bites you. You block the black bear's attack.
The black bear claws you!
The black bear rages.
The black bear misses you. The black bear barely misses you.
The black bear claws you.
* * * LOW HITPOINT WARNING * * *
Okay, then.
You fade into invisibility!
The black bear barely misses you.
The black bear claws you but does no damage. x2
You are very lightly contaminated with residual magic.
The black bear misses you.
The black bear claws you but does no damage.
The black bear claws you.
* * * LOW HITPOINT WARNING * * *
The black bear bites you!
You die...

###### #.# #.#)##.#
#.# ######.#.##.#
.# ####<.....#.##.#
#...........##.#
#.##.#########.#
#########.####.##.#
#.#
#.................#
###.# #######.####
..>.############@#
...............h.#
##################


You could see a black bear (berserk).

Vanquished Creatures
  A jelly (D:3)
  Jessica (D:2)
  Terence (D:2)
  4 gnolls
  An adder (D:3)
  2 oozes
  A worm (D:2)
  4 leopard geckos
  6 bats
  4 giant cockroaches
  6 goblins
  10 hobgoblins
  7 jackals
  2 quokkas
  2 ball pythons
  3 frilled lizards
  7 kobolds
  10 rats
72 creatures vanquished.

Notes
Turn   | Place    | Note
-------+----------+-------------------------------------------
     0 | D:1      | godfroggy the Draconian Ice Elementalist began the quest for the Orb.
     0 | D:1      | Reached XP level 1. HP: 14/14 MP: 3/3
   277 | D:1      | Reached XP level 2. HP: 20/20 MP: 3/5
   609 | D:1      | Reached skill level 4 in Ice Magic
   798 | D:1      | Reached XP level 3. HP: 25/26 MP: 2/6
  1432 | D:2      | Noticed Terence
  1450 | D:2      | Killed Terence
  1518 | D:2      | Found a glowing golden altar of the Shining One.
  1519 | D:2      | Found a stormy altar of Qazlal.
  1520 | D:2      | Noticed Jessica
  1523 | D:2      | Killed Jessica
  1523 | D:2      | Reached skill level 5 in Ice Magic
  1523 | D:2      | Reached XP level 4. HP: 33/33 MP: 5/7
  2067 | D:2      | Reached XP level 5. HP: 35/38 MP: 8/8
  2303 | D:3      | Reached skill level 6 in Ice Magic
  2315 | D:3      | Learned a level 4 spell: Throw Icicle
  2354 | D:3      | Noticed ponk's ghost (amateur HOFi)
  2819 | D:3      | Noticed a black bear
  2864 | D:3      | Slain by a black bear

Skill      XL: |  1  2  3  4  5 |
---------------+----------------+-----
Ice Magic      | 4 5 6 |  6.0
Dodging        | 2 |  2.1
Conjurations   | 2 |  2.0
Stealth        | |  1.7
Spellcasting   | |  2.0

Action                   |  1- 3 |  4- 6 || total
-------------------------+-------+-------++-------
Melee: Unarmed           |     9 |       ||     9
       Tailslap          |     4 |       ||     4
       Hunting sling     |     2 |     1 ||     3
 Fire: Hunting sling     |    13 |    45 ||    58
Throw: Tomahawk          |    21 |       ||    21
 Cast: Freeze            |    46 |    49 ||    95
  Use: Scroll            |       |     3 ||     3
       Potion            |       |     1 ||     1
  Eat: Chunk             |     3 |     4 ||     7
Armor: Skin              |    15 |    20 ||    35
Dodge: Dodged            |    38 |    40 ||    78
Block: Other             |       |     1 ||     1
